 Dungeon Crawl Stone Soup version 0.23.2-1-ga50397a (webtiles) character file.

Game seed: 12726681927218781405

34307 MalarOregon the Spear-Bearer (level 13, -10/99 HPs)
             Began as a Merfolk Gladiator on May 17, 2019.
             Was a High Priest of Hepliaklqana.
             Killed from afar by a frost giant (26 damage)
             ... with a bolt of cold
             ... in an ice cave.
             The game lasted 00:49:55 (19913 turns).

MalarOregon the Spear-Bearer (Merfolk Gladiator)   Turns: 19913, Time: 00:49:56

Health: -10/99     AC: 14    Str: 15    XL:     13   Next: 76%
Magic:  16/20      EV: 17    Int: 10    God:    Hepliaklqana [*****.]
Gold:   450        SH:  5    Dex: 17    Spells: 13/22 levels left

rFire    + . .     SeeInvis .   C - +2 demon trident (flame)
rCold    + . .     Gourm    +   w - +0 buckler
rNeg     . . .     Faith    .   I - +2 ring mail {MR+}
rPois    .         Spirit   .   c - +2 helmet
rElec    .         Reflect  .   (no cloak)
rCorr    .         Harm     .   a - +0 pair of gloves
MR       +....                  T - +1 pair of boots
Stlth    +.........             s - amulet of the gourmand
HPRegen  0.26/turn              i - ring of protection from fire
MPRegen  0.17/turn              o - ring of protection from cold

@: no status effects
A: change form in water, swift swim, stealthy swim, reduced essence
a: Recall Ancestor, Ancestor Identity, Transference, Idealise, Renounce Religion


You were in an ice cave.
You worshipped Hepliaklqana.
Hepliaklqana was extremely pleased with you.
You were completely stuffed.

You visited 4 branches of the dungeon, and saw 15 of its levels.
You also visited: Ice Cave and Volcano.

You collected 1827 gold pieces.
You spent 1377 gold pieces at shops.

Inventory:

Hand Weapons
 C - a +2 demon trident of flaming (weapon)
   (You found it in a volcano)
 Q - the cursed +1 long sword of Inflation {vamp, rF+, unknown}
   (You found it in an ice cave)

   It inflicts no extra harm, but heals its wielder when it wounds a living foe.
   It protects you from fire.
   It has a curse placed upon it.
Missiles
 D - 6 silver tomahawks
 N - 3 throwing nets (quivered) {!f}
Armour
 a - a +0 pair of gloves (worn)
   (You found it on level 2 of the Lair of Beasts)
 c - a +2 helmet (worn)
 g - a +0 large shield
   (You found it on level 2 of the Dungeon)
 w - a +0 buckler (worn)
   (You found it on level 5 of the Dungeon)
 I - a +2 ring mail of magic resistance (worn)
   (You took it off an orc on level 9 of the Dungeon)
 O - a +2 ring mail of fire resistance
   (You found it on level 1 of the Lair of Beasts)
 T - a +1 pair of boots (worn)
   (You found it in an ice cave)
Magical Staves
 L - an uncursed staff of cold
   (You found it on level 8 of the Dungeon)
Jewellery
 i - a ring of protection from fire (left hand)
   (You found it on level 3 of the Dungeon)
 o - a ring of protection from cold (right hand)
   (You found it on level 8 of the Dungeon)
 r - an uncursed ring of protection from fire
   (You found it on level 2 of the Dungeon)
 s - an amulet of the gourmand (around neck)
   (You found it on level 3 of the Dungeon)
 u - an uncursed amulet of the acrobat {unknown}
   (You found it on level 3 of the Dungeon)
 y - an uncursed ring of wizardry
   (You found it on level 5 of the Dungeon)
 K - an uncursed amulet of guardian spirit {unknown}
   (You found it on level 1 of the Lair of Beasts)
 P - an uncursed amulet of harm {unknown}
   (You found it on level 1 of the Lair of Beasts)
Wands
 d - a wand of iceblast (13)
   (You found it on level 3 of the Lair of Beasts)
 t - a wand of flame (30)
   (You took it off a big kobold on level 8 of the Dungeon)
 x - a wand of acid (11)
   (You found it on level 9 of the Dungeon)
 E - a wand of enslavement (6)
   (You found it on level 2 of the Lair of Beasts)
 G - a wand of polymorph (5)
   (You found it on level 4 of the Dungeon)
Scrolls
 f - 2 scrolls of fog
 l - a scroll of torment {unknown}
 m - 3 scrolls of teleportation {@r4}
 v - 3 scrolls of remove curse {@r2}
 F - a scroll of fear
 S - a scroll of summoning {unknown}
 U - a scroll of magic mapping
Potions
 b - 3 potions of berserk rage {unknown}
 h - 2 potions of cancellation
 j - 6 potions of flight
 k - a potion of mutation {unknown}
 n - a potion of resistance
 q - 3 potions of haste {@q3}
 z - a potion of might {unknown}
 A - 3 potions of ambrosia
 B - 4 potions of curing {@q1}
 H - a potion of lignification {!q}
 J - 2 potions of agility
 M - 3 potions of brilliance
Comestibles
 e - 26 rations {!d}
 R - 4 chunks of flesh


   Skills:
 + Level 13.5 Fighting
 - Level 14.0 Polearms
 - Level 2.0 Throwing
 + Level 4.5 Armour
 - Level 10.0 Dodging
 - Level 4.1 Shields
 - Level 5.0 Spellcasting
 + Level 8.9 Summonings
 + Level 6.7 Invocations
 + Level 6.1 Evocations


You had 13 spell levels left.
You knew the following spells:

 Your Spells              Type           Power        Failure   Level  Hunger
a - Shadow Creatures      Summ           N/A          86%         6    #######
c - Call Canine Familiar  Summ           ###.....     3%          3    ###....

Your spell library contained the following spells:

 Spells                   Type           Power        Failure   Level  Hunger
 Summon Small Mammal      Summ           ###.         1%          1    None
 Call Imp                 Summ           ###.....     1%          2    ##.....
 Recall                   Summ/Tloc      N/A          21%         3    ###....
 Summon Guardian Golem    Hex/Summ       ##......     21%         3    ###....
 Aura of Abjuration       Summ           ###.......   30%         5    ######.
 Summon Demon             Summ           ###.......   30%         5    ######.
 Freeze                   Ice            #...         38%         1    None
 Throw Frost              Conj/Ice       #.....       54%         2    ##.....
 Summon Ice Beast         Ice/Summ       ##......     56%         4    ####...
 Summon Lightning Spire   Summ/Air       ##......     56%         4    ####...
 Ozocubu's Armour         Chrm/Ice       #.......     77%         3    ###....
 Summon Forest            Summ/Tloc      ##........   88%         5    ######.
 Summon Mana Viper        Hex/Summ       ##......     88%         5    ######.
 Throw Icicle             Conj/Ice       #.......     99%         4    ####...


Dungeon Overview and Level Annotations

Branches:
Dungeon (9/15)             Temple (1/1) D:4            Lair (3/6) D:8
 Spider (0/4) Lair:2          Orc (2/2) D:9             Elf (0/3) Orc:2
  Swamp: Lair:2-4    Shoals: Lair:2-4

Altars:
Ashenzari
Cheibriados
Dithmenos
Elyvilon
Fedhas
Gozag
Hepliaklqana
Kikubaaqudgha
Makhleb
Nemelex Xobeh
Okawaru
Qazlal
Ru
Sif Muna
Trog
Uskayaw
Vehumet
Wu Jian
Xom
Yredelemnul
Zin
The Shining One

Shops:
D:5 [   D:7 *   D:9 (   Orc:1 (   Orc:2 %:![


Message History

Your +1 pair of boots unmelds from your body.
Some of the chunks of flesh in your inventory have rotted away.
You start resting.
The frost giant is too close now for your liking.
Your legs become a tail as you enter the water.
Your +1 pair of boots melds into your body.
Your +1 pair of boots unmelds from your body.
You start resting.
Mbali emerges from the mists of memory!
You start resting.
Something hits Mbali but does no damage.
Something hits Mbali!!
Something freezes Mbali.
Mbali blocks something's attack.
Your magical contamination has completely faded away.
Mbali blocks something's attack. x2
Something hits Mbali!!
Something freezes Mbali.
Mbali is destroyed!
The frost giant is too close now for your liking.
The frost giant points at you and mumbles some strange words.
The bolt of cold misses you.
The frost giant gestures at you while chanting.
The bolt of cold hits you! You resist.
* * * LOW HITPOINT WARNING * * *
The frost giant casts a spell at you. The bolt of cold hits you! You resist.
* * * LOW HITPOINT WARNING * * *
The frost giant points at you and mumbles some strange words.
The bolt of cold misses you.
Mbali emerges from the mists of memory!
You swap places.
Mbali hits the frost giant with a +0 flail!
Hepliaklqana grants Mbali healing and protection!
The frost giant hits Mbali but does no damage.
What are your orders? t - Shout!
Orders for allies: a - Attack new target. r - Retreat! s - Stop attacking. g - Guard the area. f - Follow me.
Anything else - Cancel.
Gang up on whom?
Aim: a frost giant, wielding a +1 battleaxe of freezing (lightly wounded) Attack!
Mbali hits the frost giant with a +0 flail!!
Mbali blocks the frost giant's attack.
Mbali hits the frost giant with a +0 flail!
The frost giant gestures at you while chanting.
The bolt of cold hits Mbali!
Mbali resists.
The bolt of cold hits you!! You resist.
You die...

#..###..≈..## ###
##..###...##
#≈..###.### ###
##..#####.## ##.##
##..###...# ###...##
##......## #.#.#R.##
#....#§☼###...##..#
##.####○#..#.###.##
#######○°#.#@## ##.#
##.##.##.≈#.#.####..#
##.##○☼...##.#..##.###
#.#°☼....##.##R###..##
#.☼#.≈######.#C.≈≈##.#
#.##.## ###...#≈≈#.##
#.#### #.#..##≈≈.#.#
##.# ##...##≈≈≈#..#
#.## #...##≈≈≈##..#


You could see the friendly Mbali the knight and a frost giant.

Vanquished Creatures
  2 two-headed ogres
  A centaur warrior (Volcano)
  A death yak (IceCv)
  4 orc high priests (Orc:2)
  Pikel (D:5)
  2 orc knights (Orc:1)
  An ugly thing (D:8)
  A cyclops (Orc:1)
  An orc sorcerer (Orc:1)
  A deep elf mage (D:8)
  Joseph (D:7)
  3 spiny frogs
  A komodo dragon (Lair:1)
  3 rime drakes
  A queen bee (Orc:1)
  12 polar bears (IceCv)
  Grinder (D:5)
  2 blink frogs (Lair:3)
  2 basilisks
  28 yaks
  Menkaure (D:6)
  4 wargs
  A water moccasin (Lair:1)
  3 porcupines
  18 orc warriors
  An ice beast (D:8)
  3 sky beasts
  2 black bears (D:8)
  5 centaurs
  An eye of draining (D:7)
  19 wolves
  6 ogres
  2 crocodiles
  2 bullfrogs
  A water moccasin zombie (D:8)
  A water moccasin skeleton (D:8)
  4 scorpions
  A killer bee (D:8)
  A howler monkey (D:8)
  5 crimson imps
  A quasit (D:9)
  8 hounds
  24 orc priests
  2 jellies (D:4)
  A bullfrog skeleton (D:4)
  2 worker ants
  8 orc wizards
  A hound zombie (D:8)
  A worker ant zombie (D:5)
  4 gnolls
  11 adders
  3 shadow imps
  An ooze (D:3)
  2 adder zombies
  An adder skeleton (D:5)
  A worm (D:3)
  2 dart slugs
  9 leopard geckos
  69 orcs
  9 giant cockroaches
  11 hobgoblins
  3 iguanas
  19 jackals
  6 quokkas
  6 bats
  5 frilled lizards
  2 goblins (D:3)
  10 kobolds
  A quokka skeleton (D:4)
  2 quokka zombies
  4 rats
  A butterfly (Lair:1)
  A fungus (D:8)
  A plant (D:8)
382 creatures vanquished.

Vanquished Creatures (collateral kills)
  A red draconian (Volcano)
  A two-headed ogre (D:9)
  An orc high priest (Orc:2)
  The ghost of GuyDeFluk the Jinx, a journeyman SpEn of Dithmenos (Lair:1)
  2 orc knights (Orc:2)
  An ugly thing (D:9)
  An ice statue (IceCv)
  A spiny frog (Lair:3)
  2 trolls (Orc:2)
  A polar bear (IceCv)
  A hippogriff (Lair:2)
  A blink frog (Lair:3)
  3 redbacks (Lair:2)
  5 yaks
  2 wargs (D:9)
  8 orc warriors
  3 ice beasts
  2 ogres (D:9)
  A black bear (D:7)
  A centaur (Volcano)
  3 crocodiles
  2 wolves (Lair:1)
  2 big kobolds
  A bullfrog (D:8)
  A scorpion (D:8)
  5 orc wizards
  6 orc priests
  3 worker ants (D:8)
  A killer bee zombie (D:6)
  3 gnolls
  26 orcs
  2 kobolds (D:9)
  A fungus (Lair:2)
  A plant (D:8)
96 creatures vanquished.

Vanquished Creatures (others)
  A polar bear (IceCv)
  A yak (IceCv)
  A centaur (Volcano)
  3 wolves (IceCv)
  12 knights
  4 ancestors
  4 fungi (D:8)
26 creatures vanquished.

Grand Total: 504 creatures vanquished

Notes
Turn   | Place    | Note
-------+----------+-------------------------------------------
     0 | D:1      | MalarOregon the Merfolk Gladiator began the quest for the
                  | Orb.
     0 | D:1      | Reached XP level 1. HP: 16/16 MP: 1/1
   201 | D:1      | Reached skill level 5 in Polearms
   201 | D:1      | Reached XP level 2. HP: 21/23 MP: 2/2
   665 | D:1      | Reached XP level 3. HP: 25/28 MP: 3/3
  1236 | D:2      | Reached skill level 6 in Polearms
  1497 | D:3      | Reached XP level 4. HP: 34/35 MP: 4/4
  1823 | D:3      | Reached skill level 7 in Polearms
  1889 | D:3      | Reached XP level 5. HP: 27/41 MP: 5/5
  2427 | D:3      | Reached skill level 8 in Polearms
  2427 | D:3      | Reached XP level 6. HP: 40/48 MP: 6/6
  2877 | D:4      | Reached skill level 9 in Polearms
  3134 | D:4      | Found a shimmering altar of Xom.
  3395 | D:4      | Reached XP level 7. HP: 49/55 MP: 7/7
  3523 | D:4      | Reached skill level 5 in Fighting
  3700 | D:4      | Reached skill level 10 in Polearms
  3916 | D:4      | Found a staircase to the Ecumenical Temple.
  4140 | Temple   | Entered the Ecumenical Temple
  4262 | Temple   | Became a worshipper of Hepliaklqana the Forgotten
  4299 | D:4      | Learned a level 3 spell: Call Canine Familiar
  4593 | D:5      | Entered Level 5 of the Dungeon
  4659 | D:5      | Found Ywo Esag's Antique Armour Shop.
  4676 | D:5      | Bought an ancient leather armour for 161 gold pieces
  4686 | D:5      | Identified the cursed +1 leather armour "Juthizox" {Regen+}
                  | (You bought it in a shop on level 5 of the Dungeon)
  4840 | D:5      | Reached skill level 1 in Summonings
  4889 | D:5      | Reached * piety under Hepliaklqana
  5222 | D:5      | Reached XP level 8. HP: 40/57 MP: 2/8
  5421 | D:5      | Reached skill level 1 in Shields
  5615 | D:5      | Reached skill level 11 in Polearms
  5677 | D:6      | Noticed Grinder
  5840 | D:5      | Killed Grinder
  6023 | D:6      | Noticed Menkaure
  6023 | D:6      | Noticed Pikel
  6046 | D:5      | Killed Pikel
  6046 | D:5      | Reached skill level 12 in Polearms
  6046 | D:5      | Reached XP level 9. HP: 39/63 MP: 3/9
  6091 | D:6      | Killed Menkaure
  6957 | D:7      | Found an iron altar of Okawaru.
  7187 | D:5      | Bought a runed ring mail for 161 gold pieces
  7255 | D:7      | Reached ** piety under Hepliaklqana
  7256 | D:7      | Remembered your ancestor Mbali as a knight
  7490 | D:7      | Found Sorog's General Store.
  7497 | D:7      | Bought a scroll of identify for 24 gold pieces
  7514 | D:7      | Reached skill level 13 in Polearms
  7578 | D:7      | Noticed Joseph
  7595 | D:7      | Killed Joseph
  7864 | D:8      | Reached skill level 5 in Summonings
  7864 | D:8      | Reached XP level 10. HP: 72/72 MP: 3/10
  7867 | D:8      | Reached skill level 14 in Polearms
  7894 | D:8      | Found a staircase to the Lair.
  7896 | D:8      | Noticed a two-headed ogre
  7921 | D:8      | Killed a two-headed ogre
  8172 | D:8      | Reached *** piety under Hepliaklqana
  8394 | D:8      | Reached skill level 10 in Fighting
  8481 | D:8      | Noticed a purple ugly thing
  8493 | D:8      | Killed a purple ugly thing
  8494 | D:8      | Noticed a deep elf mage
  8504 | D:8      | Killed a deep elf mage
  8917 | D:9      | Found a staircase to the Orcish Mines.
  8984 | D:9      | Reached XP level 11. HP: 61/84 MP: 3/11
  9038 | D:9      | Found Osusoogurgh's Weapon Shoppe.
  9225 | D:9      | Noticed a purple ugly thing
  9238 | D:9      | Killed a purple ugly thing
  9702 | D:9      | Reached skill level 1 in Invocations
  9880 | Orc:1    | Entered Level 1 of the Orcish Mines
  9880 | Orc:1    | Noticed a two-headed ogre
 10020 | D:9      | Reached skill level 1 in Evocations
 10094 | D:9      | Reached skill level 1 in Spellcasting
 10334 | D:9      | HP: 4/85 [warg (11)]
 10335 | D:9      | Killed a two-headed ogre
 10335 | D:9      | Reached skill level 1 in Armour
 10335 | D:9      | Reached skill level 5 in Dodging
 10633 | Orc:1    | Found Efuocw's Antique Weapon Emporium.
 10745 | Orc:1    | Reached **** piety under Hepliaklqana
 10824 | Orc:1    | Noticed Sonja
 10824 | Orc:1    | Noticed an orc knight
 10837 | Orc:1    | Noticed Sonja
 10837 | Orc:1    | Sonja changed into Sonja the queen bee
 10853 | Orc:1    | Killed Sonja the queen bee
 10976 | Orc:1    | Noticed an orc sorcerer
 11121 | Orc:1    | Noticed a sixfirhy
 11175 | Orc:1    | Killed an orc sorcerer
 11232 | Orc:1    | Noticed a cyclops
 11243 | Orc:1    | Killed an orc knight
 11254 | Orc:1    | Killed a cyclops
 11939 | Orc:2    | Entered Level 2 of the Orcish Mines
 12135 | Orc:2    | Noticed a two-headed ogre
 12216 | Orc:1    | Killed a two-headed ogre
 12722 | Orc:2    | Found a staircase to the Elven Halls.
 12997 | Orc:2    | Reached XP level 12. HP: 78/92 MP: 1/15
 14035 | Orc:2    | Noticed an orc high priest
 14055 | Orc:2    | Killed an orc high priest
 14141 | Orc:2    | Noticed an orc high priest
 14147 | Orc:2    | Noticed a sun demon
 14152 | Orc:2    | Killed an orc high priest
 14157 | Orc:2    | Noticed an orc high priest
 14177 | Orc:2    | Killed an orc high priest
 14321 | Orc:2    | Noticed an orc high priest
 14323 | Orc:2    | Noticed a soul eater
 14336 | Orc:2    | Killed an orc high priest
 14542 | Orc:2    | Found Fuidigeu's Food Boutique.
 14545 | Orc:2    | Found Perisusch's Distillery.
 14546 | Orc:2    | Found Ziutt's Antique Armour Boutique.
 14547 | Orc:2    | Found Jiqahiocu's Book Boutique.
 14630 | Orc:2    | Noticed an orc high priest
 14644 | Orc:2    | Killed an orc high priest
 14806 | Orc:2    | Bought a book of Summonings for 770 gold pieces
 14809 | Orc:2    | Bought a garnet-encrusted ring mail for 261 gold pieces
 14819 | Orc:2    | Identified the +5 ring mail of Hopscotch {rC- rN+ SInv}
                  | (You bought it in a shop on level 2 of the Orcish Mines)
 14968 | Lair:1   | Entered Level 1 of the Lair of Beasts
 15480 | Lair:1   | Learned a level 6 spell: Shadow Creatures
 15494 | Lair:1   | Reached ***** piety under Hepliaklqana
 15589 | Lair:1   | Found a large runed translucent door.
 15590 | Lair:1   | Found a large runed translucent door.
 15593 | Lair:1   | Noticed GuyDeFluk's ghost (journeyman SpEn)
 16276 | Lair:1   | Killed GuyDeFluk's ghost
 16385 | Lair:2   | Reached skill level 5 in Invocations
 16392 | Lair:2   | Reached XP level 13. HP: 56/99 MP: 6/19
 16394 | Lair:2   | Reached skill level 10 in Dodging
 16646 | Lair:2   | Found a hole to the Spider Nest.
 16659 | Lair:2   | Reached skill level 5 in Evocations
 16804 | Lair:2   | Found a dark tunnel.
 16812 | Volcano  | Entered a volcano
 17091 | Volcano  | Found a bloodstained altar of Trog.
 17183 | Volcano  | Noticed a red draconian
 17217 | Volcano  | HP: 3/99 [red draconian/+2 broad axe of flaming (12)]
 17218 | Volcano  | Killed a red draconian
 18408 | Lair:3   | Found a frozen archway.
 18423 | IceCv    | Entered an ice cave
 18761 | IceCv    | Reached skill level 5 in Spellcasting
 18919 | IceCv    | Got a steaming long sword
 19290 | IceCv    | Reached ****** piety under Hepliaklqana
 19494 | IceCv    | Noticed a frost giant
 19913 | IceCv    | Killed from afar by a frost giant

Skill      XL: |  1  2  3  4  5  6  7  8  9 10 11 12 13 |
---------------+----------------------------------------+-----
Polearms       | 5 6 7 8 9 10 12 13 14 | 14.0
Fighting       | 3 4 5 6 7 11 12 13 | 13.5
Summonings     | 1 3 5 6 7 8 |  8.9
Shields        | 2 4 |  4.1
Invocations    | 3 5 6 |  6.7
Evocations     | 2 4 6 |  6.1
Spellcasting   | 2 4 5 |  5.0
Armour         | 2 3 4 |  4.5
Dodging        | 7 9 10 | 10.0
Throwing       | |  2.0

Action                   |  1- 3 |  4- 6 |  7- 9 | 10-12 | 13-15 || total
-------------------------+-------+-------+-------+-------+-------++-------
Melee: Trident           |   107 |   191 |   450 |  1046 |    97 ||  1891
       Demon trident     |       |       |       |       |   237 ||   237
       Tailslap          |       |       |       |       |     9 ||     9
 Cast: Call Canine Famil |       |       |     1 |    16 |     8 ||    25
Invok: Ancestor Life: Kn |       |       |     1 |       |       ||     1
       Recall Ancestor   |       |       |       |     2 |     1 ||     3
       Idealise          |       |       |       |       |     1 ||     1
Evoke: Wand              |       |       |       |     2 |     1 ||     3
  Use: Scroll            |    10 |     3 |     5 |     6 |     1 ||    25
       Potion            |       |       |     4 |     1 |     5 ||    10
 Stab: Sleeping          |     4 |       |     3 |     3 |       ||    10
       Distracted        |       |       |     1 |     9 |     4 ||    14
  Eat: Chunk             |     2 |    26 |    16 |    29 |    12 ||    85
Armor: Leather armour    |    16 |    31 |    58 |    65 |       ||   170
       Skin              |       |       |    50 |       |       ||    50
       Ring mail         |       |       |       |       |    32 ||    32
Dodge: Dodged            |    58 |    79 |   149 |   321 |   120 ||   727
Block: Buckler           |       |       |    37 |   114 |    41 ||   192
